 Dungeon Crawl Stone Soup version 0.29.1-2-gbd0b4ee654 (webtiles) character file.

Game seed: 4228476260107487003

81 nshep25 the Ducker (level 4, -5/33 HPs)
             Began as a Demonspawn Gladiator on Nov 7, 2022.
             Slain by a goblin
             ... wielding a +0 club
             ... led by Robin
              (6 damage)
             ... on level 3 of the Dungeon.
             The game lasted 00:04:30 (2334 turns).

nshep25 the Ducker (Demonspawn Gladiator)           Turns: 2334, Time: 00:04:31

Health: -5/33      AC:  6    Str: 14    XL:     4   Next: 20%
Magic:  3/5        EV: 12    Int: 11    God:
Gold:   116        SH:  0    Dex: 15    Spells: 4/5 levels left

rFire   . . .      SeeInvis .   r - +2 falchion (elec)
rCold   . . .      Faith    .   (no shield)
rNeg    . . .      Spirit   .   b - +0 leather armour
rPois   .          Reflect  .   c - +0 helmet
rElec   .          Harm     .   (no cloak)
rCorr   .          Rampage  .   (no gloves)
Will    .....                   (no boots)
Stlth   +.........              (no amulet)
HPRegen 0.11/turn               (no ring)
MPRegen 0.18/turn               (no ring)

@: no status effects
A: thin metallic scales 1, magic regeneration
a: no special abilities


You were on level 3 of the Dungeon.
You visited 1 branch of the dungeon, and saw 3 of its levels.

You collected 116 gold pieces.

Inventory:

Hand Weapons
 a - a +0 long sword
 r - a +2 falchion of electrocution (weapon)
Missiles
 d - 3 throwing nets
 e - a javelin
Armour
 b - a +0 leather armour (worn)
 c - a +0 helmet (worn)
Magical Staves
 g - a staff of fire
Jewellery
 f - a ring of fire
Scrolls
 k - 2 scrolls of silence {unknown}
 l - a scroll of vulnerability {unknown}
 m - a scroll of enchant weapon {unknown}
 n - a scroll of poison {unknown}
 o - 2 scrolls of identify {unknown}
 p - a scroll of magic mapping {unknown}
 s - a scroll of fear {unknown}
Potions
 h - a potion of berserk rage {unknown}
 i - a potion of degeneration {unknown}
 j - a potion of invisibility {unknown}
 q - 2 potions of curing {unknown}


   Skills:
 + Level 2.2 Fighting
 + Level 3.2 Long Blades
 + Level 1.7 Throwing
 + Level 0.5 Armour
 + Level 3.2 Dodging
 + Level 0.2 Stealth
 * Level 1.3 Spellcasting
 + Level 1.2 Necromancy


You had 4 spell levels left.
You knew the following spells:

 Your Spells              Type           Power      Damage    Failure   Level
a - Necrotise             Necr           12%        1d4       24%         1

Your spell library contained the following spells:

 Spells                   Type           Power      Damage    Failure   Level
 Apportation              Tloc           0%         N/A       38%         1
 Summon Small Mammal      Summ           0%         N/A       38%         1
 Gell's Gravitas          Tloc           0%         N/A       77%         3
 Lesser Beckoning         Tloc           0%         N/A       77%         3
 Teleport Other           Tloc           0%         N/A       77%         3


Dungeon Overview and Level Annotations

Branches:
Dungeon (3/15)

Altars:

Annotations:
D:3 Robin


Innate Abilities, Weirdness & Mutations

You are partially covered in thin metallic scales. (AC +2)
You regenerate magic rapidly.


Message History

Robin roars a battlecry!
The goblins go into a battle-frenzy!
Your magical contamination has completely faded away.
You are too injured to fight recklessly!
You slash the goblin!
You kill the goblin!
You feel sick.
A dart slug comes into view.
You hit the goblin.
The goblin is heavily wounded.
You feel sick. The goblin misses you.
You closely miss the goblin.
The goblin is heavily wounded.
You feel sick.
Robin laughs in a distinctly smug fashion.
The goblin hits you but does no damage.
You slash the goblin!
You kill the goblin!
You feel sick.
A frilled lizard comes into view.
You miss the goblin.
You feel sick.
You are no longer poisoned.
The frilled lizard hisses angrily.
Robin says, "My army is invincible!"
The goblin barely misses you. The goblin hits you but does no damage.
You slash the goblin!
You kill the goblin!
The goblin misses you.
You slash Robin!
Robin is heavily wounded.
Robin throws the goblin at you!
* * * LOW HITPOINT WARNING * * *
The goblin hits you with a +0 club.
* * * LOW HITPOINT WARNING * * *
You hit Robin.
Robin is severely wounded.
Robin hits you with a +0 club.
* * * LOW HITPOINT WARNING * * *
The goblin hits you with a +0 club.
You die...

##### ....# ....# ....#
########.
....############........
...............g.#######
....#..####.....@gw##
....##....).######)l#
..........### ##.....#
#########.# #####..g.
#.# gg #.# #.. ###


You could see Robin, a dart slug, a goblin (strong) and a frilled lizard.

Vanquished Creatures
  An iguana (D:3)
  4 bats
  5 endoplasms
  5 giant cockroaches
  8 hobgoblins
  A quokka (D:1)
  3 ball pythons
  16 goblins
  2 kobolds (D:2)
  A rat (D:2)
46 creatures vanquished.

Vanquished Creatures (collateral kills)
  A rat (D:3)
1 creature vanquished.

Grand Total: 47 creatures vanquished

Notes
Turn   | Place    | Note
-------+----------+-------------------------------------------
     0 | D:1      | nshep25 the Demonspawn Gladiator began the quest for the
                  | Orb.
     0 | D:1      | Reached XP level 1. HP: 16/16 MP: 1/1
   569 | D:1      | Gained mutation: You are partially covered in thin metallic
                  | scales. (AC +2) [demonic ancestry]
   569 | D:1      | Reached XP level 2. HP: 17/22 MP: 2/2
   725 | D:1      | Found a faded altar of an unknown god.
  1199 | D:1      | Learned a level 1 spell: Necrotise
  1603 | D:2      | Gained mutation: You regenerate magic rapidly. [demonic
                  | ancestry]
  1603 | D:2      | Reached XP level 3. HP: 25/27 MP: 1/3
  2274 | D:3      | Reached skill level 1 in Spellcasting
  2274 | D:3      | Reached skill level 1 in Necromancy
  2274 | D:3      | Reached XP level 4. HP: 33/33 MP: 1/5
  2306 | D:3      | Noticed Robin
  2334 | D:3      | HP: 1/33 [Robin/+0 club (2)]
  2334 | D:3      | Slain by a goblin

Illustrated notes

Levels and vault maps discovered:
D:1:      onia_arrival_mini_maze_b, layout_basic,
          hellmonk_ecumenical_altar_pennies_from_heaven
D:2:      layout_basic
D:3:      layout_rooms, nicolae_overflow_hidden_temple, uniq_robin

Skill      XL: |  1  2  3 |
---------------+----------+-----
Dodging        | 3 |  3.2
Long Blades    | 3 |  3.2
Spellcasting   | 1 |  1.3
Necromancy     | 1 |  1.2
Fighting       | |  2.2
Throwing       | |  1.7
Armour         | |  0.5
Stealth        | |  0.2

Action                   |  1- 3 |  4- 6 || total
-------------------------+-------+-------++-------
Melee: Long sword        |    71 |       ||    71
       Falchion          |    12 |    17 ||    29
 Cast: Necrotise         |    22 |     6 ||    28
 Stab: Sleeping          |     1 |       ||     1
Armor: Leather armour    |    34 |     6 ||    40
Dodge: Dodged            |    58 |    17 ||    75
